 Dungeon Crawl Stone Soup version 0.27-a0-1586-gd5c625afe7 (webtiles) character file.

Game seed: 2075506425104427681

53 HAL9000 the Sneak (level 3, -3/18 HPs)
             Began as a Vine Stalker Brigand on July 18, 2021.
             Slain by a scorpion (5 damage)
             ... on level 2 of the Dungeon.
             The game lasted 00:01:52 (2044 turns).

HAL9000 the Sneak (Vine Stalker Brigand)            Turns: 2044, Time: 00:01:53

Health: -3/18      AC:  3    Str: 14    XL:     3   Next: 87%
Magic:  0/4        EV: 11    Int: 11    God:
Gold:   127        SH:  0    Dex: 15    Spells: 2/2 levels left

rFire    . . .     SeeInvis .   a - +2 dagger
rCold    . . .     Faith    .   (no shield)
rNeg     . . .     Spirit   +   b - +0 robe
rPois    .         Reflect  .   (no helmet)
rElec    .         Harm     .   c - +0 cloak
rCorr    .         Rampage  .   (no gloves)
Will     .....                  (no boots)
Stlth    +++.......             (no amulet)
HPRegen  0.06/turn              (no ring)
MPRegen  0.09/turn              (no ring)

@: lethally poisoned (-3 -> -5)
A: fangs 2, magic shield, antimagic bite, no potion heal 2
a: no special abilities


You were on level 2 of the Dungeon.
You visited 1 branch of the dungeon, and saw 3 of its levels.

You collected 127 gold pieces.

Inventory:

Hand Weapons
 a - a +2 dagger (weapon)
 g - a +1 dagger of venom
Missiles
 d - 38 poisoned darts (quivered)
 e - 2 curare-tipped darts
Armour
 b - a +0 robe (worn)
 c - a +0 cloak (worn)
Scrolls
 f - a scroll of fear {unknown}
 i - a scroll of torment {unknown}
 k - 2 scrolls of identify {unknown}
Potions
 h - a potion of heal wounds {unknown}
 j - a potion of brilliance {unknown}
 l - a potion of resistance {unknown}
 m - 2 potions of attraction {unknown}
 n - a potion of mutation {unknown}


   Skills:
 - Level 1.7 Fighting
 - Level 1.7 Short Blades
 + Level 3.7 Throwing
 - Level 0.7 Dodging
 - Level 4.8 Stealth


You had 2 spell levels left.
You didn't know any spells.
Your spell library contained the following spells:

 Spells                   Type           Power      Damage    Failure   Level
 Summon Forest            Summ/Tloc      0%         N/A       100%        5
 Summon Mana Viper        Hex/Summ       0%         N/A       100%        5
 Shadow Creatures         Summ           N/A        N/A       100%        6


Dungeon Overview and Level Annotations

Branches:
Dungeon (3/15)

Altars:


Innate Abilities, Weirdness & Mutations

You have extremely sharp teeth.
When hurt, damage is shared between your health and your magic reserves.
Your bite disrupts and absorbs the magic of your enemies.
Potions cannot restore your health.


Message History

An orc comes into view. It is wielding a +0 club.
The orc shouts!
You hit the frilled lizard.
You kill the frilled lizard!
A scorpion comes into view.
You see here a frilled lizard corpse.
A gnoll comes into view. It is wielding a +0 vorpal spear.
The kobold misses you.
You hit the kobold. You bite the kobold.
You kill the kobold!
You hit the orc.
The orc is moderately wounded.
The orc closely misses you.
You hit the orc.
The orc is almost dead.
The scorpion stings you. The orc barely misses you.
You see here a frilled lizard corpse.
The scorpion stings you!
You are lethally poisoned!
The scorpion poisons you!
Things that are here:
a +0 dagger; a stone You feel very sick.
You feel sick.
The endoplasm quivers.
* * * LOW HITPOINT WARNING * * *
You feel sick.
There is a stone staircase leading up here.
* * * LOW HITPOINT WARNING * * *
You feel sick. The scorpion barely misses you.
You climb upwards.
* * * LOW HITPOINT WARNING * * *
You feel sick.
There is a stone staircase leading down here.
Unknown command.
Okay, then.
You hit the scorpion but do no damage.
* * * LOW HITPOINT WARNING * * *
You feel sick. The scorpion stings you!
You die...

#......##....#...#......#
'....#....#...#..#......#
#........_....+..#......#
#....#.#.....#...#......#
#....#.#..#...#..########
###.#.........#..#
##..#..#.........#
....###..........#
#..............s@#
#..###....##.#####
#..###...###.#########
#...................<#
#.######.#############
#.#....#.# #.#.##.#.#
#.#.##.#.# #.#.##.#.#


You could see a scorpion.

Vanquished Creatures
  An adder (D:2)
  2 dart slugs (D:1)
  4 endoplasms
  2 giant cockroaches (D:1)
  2 goblins
  2 hobgoblins
  4 jackals (D:1)
  4 kobolds
  4 ball pythons
  8 bats
  4 frilled lizards
37 creatures vanquished.

Notes
Turn   | Place    | Note
-------+----------+-------------------------------------------
     0 | D:1      | HAL9000 the Vine Stalker Brigand began the quest for the
                  | Orb.
     0 | D:1      | Reached XP level 1. HP: 11/11 MP: 2/2
   226 | D:1      | Reached XP level 2. HP: 13/15 MP: 1/3
   637 | D:1      | Reached XP level 3. HP: 18/18 MP: 4/4
  1182 | D:2      | Found a faded altar of an unknown god.
  2030 | D:3      | Noticed a scorpion
  2044 | D:2      | Slain by a scorpion

Illustrated notes

Levels and vault maps discovered:
D:1:      evilmike_arrival_fibonacci_small, layout_basic, minmay_split_cup_small
D:2:      layout_basic, hellmonk_ecumenical_altar_blasted
D:3:      layout_basic, serial_shops, nicolae_diamond_shop

Skill      XL: |  1  2 |
---------------+-------+-----
Throwing       | 2 3 |  3.7
Fighting       | |  1.7
Short Blades   | |  1.7
Dodging        | |  0.7
Stealth        | |  4.8

Action                   || total
-------------------------++-------
Melee: Dagger            ||    77
       Bite              ||    21
  Use: Potion            ||     1
 Stab: Sleeping          ||     9
Armor: Robe              ||    20
Dodge: Dodged            ||    45

Table legend: (Time is in decaauts)
 A = Elapsed time spent in this place.
 B = Non-inter-level travel time spent in this place.
 C = Inter-level travel time spent in this place.
 D = Time resting spent in this place.
 E = Time spent auto-exploring this place.
 F = Levels seen in this place.
 G = Mean time per level.
                   A        B        C        D        E       F      G
               +--------+--------+--------+--------+--------+-----+--------+
         Total |   2037 |   1996 |     41 |    355 |   1409 |   3 |  679.0 |
       Dungeon |   2037 |   1996 |     41 |    355 |   1409 |   3 |  679.0 |
               +--------+--------+--------+--------+--------+-----+--------+

Top non-repeatable levels by time:
     D:1: 1167 daAuts
     D:2: 847 daAuts
     D:3: 21 daAuts
